 Dungeon Crawl Stone Soup version 0.27-a0-3-gcf006a40f5 (webtiles) character file.

Game seed: 5620024653461847121

767 Anmu the Ruffian (level 7, -2/67 HPs)
             Began as a Troll Berserker on Jan 1, 2021.
             Was a Believer of Trog.
             Slain by a gnoll
             ... wielding a +1 halberd of freezing
              (10 damage)
             ... on level 4 of the Dungeon.
             The game lasted 00:05:53 (2107 turns).

Anmu the Ruffian (Troll Berserker)                  Turns: 2107, Time: 00:05:54

Health: -2/67      AC:  8    Str: 26    XL:     7   Next: 52%
Magic:  6/6        EV: 12    Int:  3    God:    Trog [**....]
Gold:   97         SH:  5    Dex: 11    Spells: 6/6 levels left

rFire    . . .     SeeInvis .     - Unarmed
rCold    . . .     Faith    .   (no shield)
rNeg     . . .     Spirit   .   a - +0 animal skin
rPois    .         Reflect  +   (helmet restricted)
rElec    .         Harm     .   n - +1 cloak
rCorr    .         Rampage  .   (gloves unavailable)
Will     .....                  (boots unavailable)
Stlth    +.........             d - amulet of reflection
HPRegen  0.61/turn              (no ring)
MPRegen  0.10/turn              (no ring)

@: lethally poisoned (-2 -> -3), berserk cooldown, slowed, very slow
A: large, unfitting armour, claws 3, regeneration 1, shaggy fur 1, tough skin 3
a: Renounce Religion, Berserk, Trog's Hand


You were on level 4 of the Dungeon.
You worshipped Trog.
Trog was pleased with you.
You visited 1 branch of the dungeon, and saw 4 of its levels.

You collected 97 gold pieces.

Inventory:

Armour
 a - a +0 animal skin (worn)
 n - a +1 cloak (worn)
Jewellery
 d - an amulet of reflection (around neck)
Scrolls
 f - 3 scrolls of identify
 h - a scroll of fog
 q - a scroll of fear {unknown}
Potions
 e - 2 potions of haste
 i - a potion of might {unknown}
 j - a potion of degeneration {unknown}
 k - a potion of heal wounds {unknown}
 r - a potion of brilliance {unknown}


   Skills:
 + Level 3.2 Fighting
 * Level 5.2 Dodging
 + Level 6.5 Unarmed Combat


You had 6 spell levels left.
You didn't know any spells.
Your spell library was empty.

Dungeon Overview and Level Annotations

Branches:
Dungeon (4/15)
 Temple: D:4-7

Altars:
Nemelex Xobeh
Ru
Trog
Yredelemnul


Innate Abilities, Weirdness & Mutations

You are too large for most types of armour.
You have claws for hands.
Your natural rate of healing is unusually fast.
You are covered in fur. (AC +1)
You have extremely tough skin. (AC +3)


Message History

You barely miss something.
You feel sick. Something hits you but does no damage.
The gnoll barely misses you.
You barely miss something. Something hits you but does no damage.
The gnoll hits you from afar with a +1 halberd of freezing.
The gnoll freezes you. Something hits you.
You mangle something!! Trog accepts your kill.
Trog appreciates your killing of a magic user.
Reactivating autopickup.
You feel a bit more experienced.
You feel sick. You block the gnoll's attack.
The gnoll hits you but does no damage.
The gnoll hits you with a +1 halberd of freezing!
* * * LOW HITPOINT WARNING * * *
The gnoll freezes you.
* * * LOW HITPOINT WARNING * * *
The gnoll hits you with a cursed -3 spear.
* * * LOW HITPOINT WARNING * * *
The gnoll barely misses you.
The gnoll hits you with a +1 halberd of freezing!
You die...

*#..#**,***..*##****#...
*#..#*,**#.#...,,*#....
#...***#......,,#.....
*#..#**..#....,.......
*#..##.#.....,......#
#..)........,,,,,,**
*#.)†#,,...,,,,,,,*
##gg#,....,,,,,,**
#@##.P.P.,,,,,**
#.#..._.l,,,,,**
#####....P.P.,,,,,,*
######....#.......,,*,,,*
******#.........##......,******
*,,,,.......#..##*##....**
,,,**########..# *#..#** ****
#..## *#..,*** #..# **..,,,*


You could see 2 gnolls.

Vanquished Creatures
  Grinder (D:3)
  Eustachio (D:4)
  An ogre (D:4)
  A bullfrog (D:3)
  An orc priest (D:3)
  An orc wizard (D:4)
  An iguana (D:4)
  3 worker ants (D:4)
  Robin (D:2)
  6 adders
  An adder skeleton (D:4)
  3 worms
  A dart slug (D:1)
  2 leopard geckos
  5 orcs
  4 giant cockroaches
  10 goblins
  6 hobgoblins
  A jackal (D:3)
  5 kobolds
  3 quokkas
  4 bats
  3 frilled lizards
  4 rats
69 creatures vanquished.

Vanquished Creatures (others)
  4 toadstools (D:1)
4 creatures vanquished.

Grand Total: 73 creatures vanquished

Notes
Turn   | Place    | Note
-------+----------+-------------------------------------------
     0 | D:1      | Anmu the Troll Berserker began the quest for the Orb.
     0 | D:1      | Reached XP level 1. HP: 22/22 MP: 0/0
   195 | D:1      | Reached XP level 2. HP: 29/29 MP: 1/1
   934 | D:2      | Noticed Robin
   945 | D:2      | Killed Robin
   946 | D:2      | Reached XP level 3. HP: 36/36 MP: 2/2
  1332 | D:3      | Reached XP level 4. HP: 44/44 MP: 3/3
  1373 | D:3      | Reached ** piety under Trog
  1411 | D:3      | Found a sparkling altar of Nemelex Xobeh.
  1441 | D:3      | Found a bloodstained altar of Trog.
  1452 | D:3      | Noticed a bullfrog
  1457 | D:3      | Killed a bullfrog
  1458 | D:3      | Reached skill level 4 in Unarmed Combat
  1458 | D:3      | Reached XP level 5. HP: 52/52 MP: 4/4
  1764 | D:3      | Noticed Grinder
  1767 | D:3      | Paralysed by Grinder for 5 turns
  1778 | D:3      | Killed Grinder
  1779 | D:3      | Reached skill level 5 in Unarmed Combat
  1779 | D:3      | Reached XP level 6. HP: 54/61 MP: 5/5
  1794 | D:3      | Found a sacrificial altar of Ru.
  2007 | D:4      | Reached XP level 7. HP: 67/67 MP: 6/6
  2067 | D:4      | Found a basalt altar of Yredelemnul.
  2069 | D:4      | Noticed Eustachio
  2079 | D:4      | Killed Eustachio
  2080 | D:4      | Reached skill level 5 in Dodging
  2080 | D:4      | Reached skill level 6 in Unarmed Combat
  2107 | D:4      | Slain by a gnoll

Illustrated notes

Levels and vault maps discovered:
D:1:      ldierk_walled_garden_2, layout_loops_corners
D:2:      layout_rooms, uniq_robin
D:3:      layout_rooms, nicolae_ru_great_annihilating_truth,
          lemuel_doored_altar, trog_three_pillars_becter, uniq_grinder
D:4:      layout_cave_pods, yredelemnul_altar_generic, uniq_eustachio

Skill      XL: |  1  2  3  4  5  6  7 |
---------------+----------------------+-----
Dodging        | 3 4 5 |  5.2
Unarmed Combat | 4 5 6 |  6.5
Fighting       | 3 |  3.2

Action                   |  1- 3 |  4- 6 |  7- 9 || total
-------------------------+-------+-------+-------++-------
Melee: Unarmed           |    76 |    69 |    31 ||   176
       Punch             |       |     1 |     1 ||     2
Invok: Berserk           |     1 |     3 |     1 ||     5
  Use: Scroll            |       |     7 |       ||     7
 Stab: Paralysed         |       |     3 |       ||     3
Armor: Animal skin       |    33 |    15 |    10 ||    58
Dodge: Dodged            |    45 |    32 |    16 ||    93
Block: Other             |       |       |     6 ||     6

Table legend: (Time is in decaauts)
 A = Elapsed time spent in this place.
 B = Non-inter-level travel time spent in this place.
 C = Inter-level travel time spent in this place.
 D = Time resting spent in this place.
 E = Time spent auto-exploring this place.
 F = Levels seen in this place.
 G = Mean time per level.
                   A        B        C        D        E       F      G
               +--------+--------+--------+--------+--------+-----+--------+
         Total |   2121 |   2034 |     87 |      6 |   1665 |   4 |  530.2 |
       Dungeon |   2121 |   2034 |     87 |      6 |   1665 |   4 |  530.2 |
               +--------+--------+--------+--------+--------+-----+--------+

Top non-repeatable levels by time:
     D:1: 826 daAuts
     D:3: 673 daAuts
     D:2: 446 daAuts
     D:4: 176 daAuts
